Map: Ascension to Aiur LE

Players

Zerghamdi

  • Race: Zerg Zerg
  • League: Grandmaster
  • Spawn Location: 11:00

Stephano - Winner!

  • Race: Zerg Zerg
  • League: Grandmaster
  • Spawn Location: 5:00

Event: WESG Barcelona European Finals 2017

VOD

Have the link to the VOD?

Description

Time

  • Played on: Nov. 23, 2017, 9:37 a.m.
  • Length: 10:20

All games in this series

Show
View Real Time Build Order
Export as new Build Order

Zerghamdi Zerg 

Build Orders: Hatch First 

Get SALT Encoding   

  12  0:00  Drone  
  13  0:12  Overlord  
  13  0:17  Drone  
  14  0:32  Drone x2  
  16  0:37  Drone  
  17  0:52  Hatchery  
  17  0:55  Drone  
  17  0:58  Drone  
  18  1:09  Extractor  
  17  1:13  Spawning Pool  
  17  1:16  Drone  
  17  1:19  Drone  
  18  1:28  Drone  
  19  1:38  Overlord  
  19  1:59  Queen  
  21  2:03  Queen  
  21  2:04  Zergling x4  
  21  2:06  Drone  
  26  2:08  Metabolic Boost  
  26  2:11  Drone  
  27  2:15  Drone  
  28  2:31  Drone x2  
  28  2:33  Zergling x2  
  31  2:42  Hatchery  
  30  2:46  Baneling Nest  
  30  2:47  Drone  
  30  2:50  Drone  
  31  2:55  Zergling x2  
  31  2:57  Drone  
  33  3:03  Drone  
  32  3:15  Zergling x8  
  32  3:17  Overlord  
  36  3:22  Overlord  
  35  3:33  Overlord  
  35  3:37  Zergling x8  
  39  3:43  Zergling x2  
  39  3:45  Baneling x3, Zergling x2  
  39  3:46  Zergling x4, Evolution Chamber  
  42  3:48  Drone  
  42  3:53  Drone x2  
  42  3:55  Drone  
  45  3:56  Zergling x2  
  45  4:01  Drone  
  47  4:14  Drone x3  
  47  4:15  Drone x2  
  51  4:18  Drone x3  
  51  4:23  Zerg Ground Armor Level 1  
  51  4:28  Drone x2  
  53  4:32  Extractor  
  53  4:34  Evolution Chamber  
  51  4:40  Zergling x4  
  51  4:41  Zergling x4  
  54  4:47  Drone x2, Overlord  
  53  4:55  Zergling x4  
  53  4:56  Zergling x2  
  54  5:01  Zerg Melee Weapons Level 1  
  54  5:02  Zergling x8  
  54  5:06  Zergling x4  
  54  5:07  Zergling x2  
  60  5:09  Zergling x4  
  60  5:11  Zergling x2  
  63  5:15  Baneling x3  
  63  5:16  Baneling  
  63  5:19  Extractor  
  61  5:22  Zergling x6  
  63  5:30  Zergling x6  
  63  5:33  Queen  
  63  5:34  Zergling x4  
  71  5:39  Zergling x2  
  69  5:48  Zergling x4  
  70  5:55  Zergling x6  
  70  5:56  Baneling x2, Zergling x2  
  70  5:57  Zergling x4  
  69  6:02  Baneling x2  
  69  6:03  Zergling x6  
  72  6:04  Zergling x2  
  72  6:10  Spine Crawler  
  72  6:14  Overlord  
  72  6:15  Zergling x4, Spine Crawler  
  73  6:19  Overlord  
  73  6:21  Zergling x6  
  73  6:22  Zergling x2  
  73  6:24  Zergling x2  
  72  6:29  Zergling x2  
  72  6:31  Zergling x2  
  65  6:40  Zergling x8  
  65  6:41  Zergling x2  
  65  6:42  Queen  
  65  6:46  Lair  
  70  6:48  Zergling x2  
  70  6:51  Zergling x4  
  70  6:53  Zergling x2  
  73  6:57  Zergling x4  
  73  6:58  Zergling x2  
  73  7:00  Zergling x2  
  70  7:07  Zergling x4  
  67  7:09  Zergling x4  
  67  7:11  Zergling x4  
  65  7:16  Baneling x4  
  65  7:17  Baneling x3  
  65  7:18  Zergling x2  
  65  7:21  Zergling x4  
  66  7:28  Zergling x2  
  66  7:29  Zergling x2  
  54  7:40  Zergling x6  
  54  7:41  Zergling x2  
  51  7:48  Baneling x5  
  51  7:49  Baneling  
  49  7:52  Zergling x4  
  49  7:57  Zergling x6  
  54  8:00  Zergling x2  
  54  8:04  Zergling x2  
  49  8:14  Zergling x2, Hatchery  
  49  8:17  Zergling x2  
  49  8:22  Baneling x6  
  49  8:25  Zergling x4  
  51  8:28  Zergling x4  
  51  8:31  Zergling x2  
  51  8:33  Zergling x2  
  54  8:34  Zergling x2  
  54  8:35  Zergling x2  
  54  8:42  Zergling x2  
  54  8:43  Zergling x2, Baneling  
  54  8:44  Baneling  
  53  8:50  Zergling x4  
  53  8:53  Zergling x6  
  50  8:55  Zergling x4  
  47  9:02  Zergling x2  
  47  9:04  Baneling x2  
  47  9:05  Zergling x4  
  46  9:15  Zergling x4  
  48  9:19  Zergling x4  
  48  9:23  Zergling x2  
  50  9:28  Zergling x6  
  50  9:29  Baneling  
  52  9:36  Zergling x2  
  42  9:39  Zergling x4  
  38  9:52  Zergling x8  
  41  9:53  Zergling x2  
  41  9:58  Baneling  
  41  9:59  Baneling, Zergling x4  
  42  10:03  Zergling x2  
Show
View Real Time Build Order
Export as new Build Order

Stephano Zerg - Winner!

Build Orders: Hatch First 

Get SALT Encoding   

  12  0:00  Drone  
  13  0:12  Overlord  
  13  0:17  Drone  
  14  0:30  Drone  
  14  0:31  Drone  
  14  0:35  Drone  
  17  0:52  Hatchery  
  17  0:54  Drone  
  17  0:57  Drone  
  18  1:09  Extractor  
  17  1:12  Spawning Pool  
  17  1:15  Drone  
  17  1:18  Drone  
  18  1:28  Drone  
  19  1:39  Overlord  
  19  1:59  Queen  
  19  2:00  Zergling x4  
  23  2:03  Queen  
  23  2:04  Zergling x2  
  26  2:11  Drone, Metabolic Boost  
  27  2:16  Drone  
  28  2:24  Drone  
  28  2:27  Drone  
  30  2:33  Drone  
  30  2:34  Queen  
  30  2:36  Drone  
  34  2:48  Hatchery  
  33  2:52  Overlord  
  33  2:58  Drone  
  34  3:02  Drone x2  
  34  3:13  Baneling Nest  
  34  3:15  Drone x3  
  34  3:16  Drone  
  34  3:18  Zergling x2  
  38  3:20  Zergling x2  
  38  3:25  Zergling x4  
  40  3:31  Zergling x4  
  42  3:40  Overlord  
  42  3:43  Zergling x2  
  42  3:45  Zergling x2  
  44  3:49  Overlord  
  44  3:55  Zergling x2  
  44  3:59  Baneling x2  
  44  4:01  Zergling x12  
  48  4:09  Zergling x2  
  49  4:16  Overlord  
  47  4:19  Overlord x2  
  47  4:21  Baneling x2  
  47  4:22  Drone  
  47  4:23  Drone  
  48  4:29  Zergling x2  
  48  4:34  Extractor  
  47  4:41  Zergling x6  
  47  4:42  Drone x3  
  53  4:47  Roach Warren  
  52  4:55  Drone x2, Overlord  
  52  4:57  Drone x2  
  52  4:59  Zergling x4  
  58  5:02  Baneling x2  
  58  5:04  Drone  
  59  5:08  Overlord  
  59  5:09  Overlord  
  59  5:29  Roach x8  
  75  5:36  Roach x4  
  75  5:42  Overlord  
  82  5:51  Drone, Roach x2  
  82  5:52  Roach x3  
  89  6:00  Overlord x2  
  89  6:02  Baneling x3  
  89  6:03  Zergling x4  
  90  6:11  Zergling x2  
  90  6:15  Roach  
  91  6:19  Zergling x4  
  87  6:27  Ravager  
  87  6:29  Zergling x6  
  82  6:36  Zergling x10  
  82  6:37  Zergling x6  
  82  6:38  Baneling x3  
  87  6:41  Zergling x2  
  87  6:42  Zergling x4  
  89  6:58  Zergling x4  
  89  6:59  Zergling x6  
  88  7:02  Baneling x2  
  88  7:04  Zergling x2  
  88  7:05  Zergling x12  
  92  7:10  Baneling  
  92  7:11  Zergling x8  
  92  7:17  Zergling x4  
  92  7:18  Baneling x2  
  92  7:20  Zergling x2  
  93  7:25  Baneling x2  
  93  7:26  Baneling x2  
  93  7:27  Zergling x4  
  89  7:39  Roach  
  89  7:40  Roach x4  
  89  7:41  Zergling x2  
  89  7:42  Zergling x4  
  89  7:47  Baneling x2  
  89  7:49  Zergling x8  
  91  7:56  Overlord  
  91  7:58  Roach  
  87  8:05  Overlord  
  84  8:07  Baneling x2  
  84  8:08  Drone x2  
  84  8:10  Overlord x2  
  83  8:15  Overlord  
  83  8:16  Drone x2  
  83  8:22  Baneling x3  
  83  8:25  Roach  
  85  8:28  Roach  
  85  8:29  Zergling x2  
  85  8:30  Zergling x2  
  89  8:37  Zergling x6  
  84  8:47  Zergling x10  
  83  8:52  Zergling x2  
  83  8:53  Zergling x12  
  87  9:02  Roach x2  
  83  9:05  Lair  
  83  9:09  Queen  
  83  9:14  Baneling x3  
  83  9:16  Roach  
  83  9:18  Zergling x16  
  83  9:19  Zergling x2  
  89  9:28  Zergling x6  
  87  9:38  Zergling x8  
  86  9:44  Ravager  
  86  9:45  Ravager  
  83  9:46  Roach  
  83  9:49  Zergling x16  
  84  9:54  Evolution Chamber  
  79  10:00  Zergling x10  
Tags
 
Add a new tag
Caveats
  • Supply blocks, unpowered buildings, or Contaminate may cause inaccurate times.
  • Supply counts are checked every 10 seconds.